 Dungeon Crawl Stone Soup version 0.27-a0-156-gbcd94eb011 (webtiles) character file.

Game seed: 5438686425210692526

108 lunkers the Chucker (level 4, 0/41 HPs)
             Began as a Hill Orc Hunter on Jan 27, 2021.
             Succumbed to a scorpion's poison
             ... on level 3 of the Dungeon.
             The game lasted 00:04:01 (2495 turns).

lunkers the Chucker (Hill Orc Hunter)               Turns: 2495, Time: 00:04:01

Health: 0/41       AC: 10    Str: 15    XL:     4   Next: 87%
Magic:  4/4        EV:  4    Int: 11    God:
Gold:   122        SH:  0    Dex: 11    Spells: 3/3 levels left

rFire    . . .     SeeInvis .   a - +0 short sword
rCold    . . .     Faith    .   (no shield)
rNeg     . . .     Spirit   .   l - +0 plate armour
rPois    .         Reflect  .   (no helmet)
rElec    .         Harm     .   (no cloak)
rCorr    .         Rampage  .   (no gloves)
Will     .....                  (no boots)
Stlth    ..........             (no amulet)
HPRegen  0.13/turn              (no ring)
MPRegen  0.09/turn              (no ring)

@: lethally poisoned (0 -> -7)
A: no striking features
a: no special abilities


You were on level 3 of the Dungeon.
You visited 1 branch of the dungeon, and saw 3 of its levels.

You collected 122 gold pieces.

Inventory:

Hand Weapons
 a - a +0 short sword (weapon)
Missiles
 c - 82 stones
 d - a throwing net
 g - a javelin (quivered)
Armour
 b - a +0 leather armour
 l - a +0 plate armour (worn)
Scrolls
 e - 2 scrolls of enchant armour {unknown}
 f - 2 scrolls of teleportation {unknown}
 j - 2 scrolls of remove curse {unknown}
 n - a scroll of random uselessness {unknown}
 o - a scroll of enchant weapon {unknown}
 q - a scroll of identify {unknown}
 r - a scroll of magic mapping {unknown}
Potions
 h - 2 potions of haste {unknown}
 i - 2 potions of brilliance {unknown}
 p - a potion of curing {unknown}


   Skills:
 + Level 4.5 Fighting
 + Level 4.6 Throwing
 - Level 1.5 Dodging
 - Level 0.7 Stealth


You had 3 spell levels left.
You didn't know any spells.
Your spell library was empty.

Dungeon Overview and Level Annotations

Branches:
Dungeon (3/15)

Altars:
Cheibriados
Ru
Zin


Message History

The scorpion is almost dead.
The scorpion completely misses you.
You barely miss the scorpion.
The scorpion is almost dead.
The scorpion barely misses you.
You hit the scorpion but do no damage.
The scorpion is almost dead.
You feel sick.
The scorpion stings you but does no damage.
The scorpion stings you.
* * * LOW HITPOINT WARNING * * *
You barely miss the scorpion.
The scorpion is almost dead.
The scorpion stings you.
* * * LOW HITPOINT WARNING * * *
You are more poisoned.
The scorpion poisons you!
Your plate armour prevents you from hitting the scorpion.
The scorpion is almost dead.
You die...

#.# #...
#.# #..#
#.# #..#
#####.#
#..#
#.....#
#..#
#####.#####
#.)#
#.....#
#...
#.#####
#.## #@#
#.## #s#
#... #.#
#### #.#
#.. #.# #.#
#)#
#.#########
#.........(
#####......


You could see a scorpion.

Vanquished Creatures
  3 adders
  2 oozes
  3 worms
  2 dart slugs
  2 leopard geckos (D:2)
  An orc (D:3)
  7 bats
  5 giant cockroaches
  10 goblins
  3 hobgoblins
  6 kobolds
  2 quokkas (D:2)
  A ball python (D:3)
  3 frilled lizards
  4 rats
54 creatures vanquished.

Vanquished Creatures (others)
  4 plants (D:2)
4 creatures vanquished.

Grand Total: 58 creatures vanquished

Notes
Turn   | Place    | Note
-------+----------+-------------------------------------------
     0 | D:1      | lunkers the Hill Orc Hunter began the quest for the Orb.
     0 | D:1      | Reached XP level 1. HP: 18/18 MP: 1/1
    68 | D:1      | Reached XP level 2. HP: 21/25 MP: 2/2
   518 | D:1      | Reached XP level 3. HP: 30/31 MP: 3/3
  1293 | D:2      | You fall into a shaft and drop 1 floor!
  1348 | D:3      | Reached XP level 4. HP: 19/40 MP: 4/4
  1963 | D:2      | Found a faded altar of an unknown god.
  1963 | D:2      | Found a faded altar of an unknown god.
  1968 | D:2      | Found a sacrificial altar of Ru.
  1970 | D:2      | Found a glowing silver altar of Zin.
  1972 | D:2      | Found a snail-covered altar of Cheibriados.
  2475 | D:3      | HP: 1/41 [scorpion (5)]
  2494 | D:3      | HP: 1/41 [scorpion (5)]
  2495 | D:3      | Succumbed to a scorpion's poison

Illustrated notes

Levels and vault maps discovered:
D:1:      wander_arrival_desolate, layout_rooms, minmay_tromino_v4_b
D:2:      minmay_chambers_of_ones, layout_basic,
          chequers_temple_overflow_minitemple, serial_bayou_crossing
D:3:      layout_loops_ring, dk_noncrumbling_4, minivault_23, roderic_batcave

Skill      XL: |  1  2  3  4 |
---------------+-------------+-----
Fighting       | 3 4 |  4.5
Throwing       | 4 |  4.6
Dodging        | |  1.5
Stealth        | |  0.7

Action                   |  1- 3 |  4- 6 || total
-------------------------+-------+-------++-------
Melee: Short sword       |   116 |    85 ||   201
Throw: Javelin           |    22 |    22 ||    44
       Stone             |     2 |       ||     2
       Dart              |       |     2 ||     2
       Throwing net      |       |     1 ||     1
  Use: Potion            |     1 |     1 ||     2
 Stab: Sleeping          |     2 |       ||     2
Armor: Leather armour    |    25 |       ||    25
       Plate armour      |     9 |    80 ||    89
Dodge: Dodged            |    77 |    16 ||    93

Table legend: (Time is in decaauts)
 A = Elapsed time spent in this place.
 B = Non-inter-level travel time spent in this place.
 C = Inter-level travel time spent in this place.
 D = Time resting spent in this place.
 E = Time spent auto-exploring this place.
 F = Levels seen in this place.
 G = Mean time per level.
                   A        B        C        D        E       F      G
               +--------+--------+--------+--------+--------+-----+--------+
         Total |   2539 |   2488 |     51 |      7 |   1937 |   3 |  846.3 |
       Dungeon |   2539 |   2488 |     51 |      7 |   1937 |   3 |  846.3 |
               +--------+--------+--------+--------+--------+-----+--------+

Top non-repeatable levels by time:
     D:2: 981 daAuts
     D:3: 858 daAuts
     D:1: 699 daAuts
